TOP OF THE 1ST |
Otsego HS Bulldogs batting - Pitching for Randall HS Raiders : LHP Jaime Sierra
|
Pitching: LHP Jaime Sierra
|
|
Batting: RHB Michael Carr
|
0-0: Foul Ball, location: 2F 0-1: Ball 1-1: Ball 2-1: Swinging Strike 2-2: Fly out, F7 (Flyball, 7LSF)
|
Batting: RHB Miguel Vega
|
0-0: Ball 1-0: Ball 2-0: Foul Ball, location: 2F 2-1: Ball 3-1: Foul Ball, location: 2F 3-2: Strikes out looking
|
Batting: RHB Robbie Barnes
|
0-0: Foul Ball, location: 2F 0-1: Ball 1-1: Reached on error, E8 (Flyball, 8RS)
|
Batting: RHB Sam Elder
|
0-0: Called Strike 0-1: Foul Ball, location: 2F 0-2: Ball 1-2: Ball 2-2: Strikes out swinging
|
Top of the 1st over - 0 run(s), 0 hit(s), 1 error(s), 1 left on base; Otsego HS 0 - Randall HS 0 |
BOTTOM OF THE 1ST |
Randall HS Raiders batting - Pitching for Otsego HS Bulldogs : RHP Manny Cook
|
Pitching: RHP Manny Cook
|
|
Batting: RHB Jesús Salazar
|
0-0: Called Strike 0-1: Ball 1-1: Ball 2-1: Ball 3-1: Called Strike 3-2: Base on Balls
|
Batting: RHB Mike Connor
|
0-0: Ball 1-0: Ball 2-0: Foul Ball, location: 2F 2-1: Ball 3-1: Swinging Strike 3-2: SINGLE (Groundball, 23) (infield hit) Jesús Salazar to second
|
Batting: LHB Buddy Jones
|
0-0: Ball 1-0: Called Strike 1-1: Ball 2-1: Foul Ball, location: 2F 2-2: Ball 3-2: Foul Ball, location: 2F 3-2: Base on Balls Jesús Salazar to third Mike Connor to second
|
Batting: LHB José Gonzáles
|
0-0: Ball 1-0: Foul Ball, location: 2F 1-1: Foul Ball, location: 2F 1-2: Ball 2-2: Strikes out swinging
|
Batting: RHB Cisco Villa
|
0-0: Called Strike 0-1: Swinging Strike 0-2: Ball 1-2: Ball 2-2: Grounds into double play, 6-4-3 (Groundball, 6)
|
Bottom of the 1st over - 0 run(s), 1 hit(s), 0 error(s), 2 left on base; Otsego HS 0 - Randall HS 0 |
TOP OF THE 2ND |
Otsego HS Bulldogs batting - Pitching for Randall HS Raiders : LHP Jaime Sierra
|
Batting: LHB Bill Poe
|
0-0: Swinging Strike 0-1: Swinging Strike 0-2: Ball 1-2: Foul Ball, location: 2F 1-2: Foul Ball, location: 2F 1-2: Strikes out swinging
|
Batting: RHB Dan Miller
|
0-0: Called Strike 0-1: Ball 1-1: Called Strike 1-2: Ball 2-2: Reached on error, E4 (Groundball, 4)
|
Batting: RHB Leonard Brown
|
0-0: Grounds into double play, 6-4-3 (Groundball, 6)
|
Top of the 2nd over - 0 run(s), 0 hit(s), 1 error(s), 0 left on base; Otsego HS 0 - Randall HS 0 |
BOTTOM OF THE 2ND |
Randall HS Raiders batting - Pitching for Otsego HS Bulldogs : RHP Manny Cook
|
Batting: LHB Luis Antonio Cortéz
|
0-0: Called Strike 0-1: Ball 1-1: Foul Ball, location: 2F 1-2: Ball 2-2: Ball 3-2: Base on Balls
|
Batting: SHB Howard Romero
|
0-0: Ball 1-0: Swinging Strike 1-1: Ball 2-1: Foul Ball, location: 2F 2-2: Fly out, F8 (Flyball, 8LM)
|
Batting: RHB Flynn Roberts
|
0-0: Ball 1-0: Fly out, F7 (Flyball, 7)
|
Batting: LHB John Roberts
|
0-0: Called Strike 0-1: Ball 1-1: Ball 2-1: Ball 3-1: SINGLE (Line Drive, 8RS) Luis Antonio Cortéz to second Runner from 2nd tries for 3rd, SAFE, throw made to third John Roberts to second
|
Batting: RHB Jesús Salazar
|
0-0: Ball 1-0: Called Strike 1-1: DOUBLE (Line Drive, 7LM) Luis Antonio Cortéz scores John Roberts scores
|
Batting: RHB Mike Connor
|
0-0: Foul Ball, location: 2F 0-1: SINGLE (Flyball, 34D) Jesús Salazar to third Runner from 3rd tries for Home, SAFE, no throw
|
Batting: LHB Buddy Jones
|
0-0: SINGLE (Groundball, 4MD) Mike Connor to second
|
Batting: LHB José Gonzáles
|
0-0: Ball 1-0: Hit by Pitch Mike Connor to third Buddy Jones to second
|
Batting: RHB Cisco Villa
|
0-0: Foul Ball, location: 2F 0-1: Ball 1-1: Foul Ball, location: 2F 1-2: SINGLE (Flyball, 9LS) Mike Connor scores Buddy Jones to third José Gonzáles to second Throwing error, E9 Buddy Jones scores José Gonzáles to third Cisco Villa to second
|
Batting: LHB Luis Antonio Cortéz
|
0-0: Ball 1-0: Foul Ball, location: 2F 1-1: SINGLE (Groundball, 6MD) José Gonzáles scores Cisco Villa to third Runner from 3rd tries for Home, SAFE, throw made home
|
Pitching: RHP Casey Scott
|
|
Batting: SHB Howard Romero
|
0-0: Ball 1-0: Foul Ball, location: 2F 1-1: Foul Ball, location: 2F 1-2: Strikes out swinging
|
Bottom of the 2nd over - 7 run(s), 6 hit(s), 1 error(s), 1 left on base; Otsego HS 0 - Randall HS 7 |
TOP OF THE 3RD |
Otsego HS Bulldogs batting - Pitching for Randall HS Raiders : LHP Jaime Sierra
|
Batting: RHB Tim Anderson
|
0-0: Called Strike 0-1: Ball 1-1: Foul Ball, location: 2F 1-2: Ball 2-2: Strikes out swinging
|
Batting: RHB Pedro Ayala
|
0-0: Called Strike 0-1: Swinging Strike 0-2: Strikes out swinging
|
Batting: RHB Michael Carr
|
0-0: SINGLE (Groundball, 34D)
|
Batting: RHB Miguel Vega
|
0-0: Ball 1-0: Foul Ball, location: 2F 1-1: Ball 2-1: SINGLE (Groundball, 56D) Michael Carr to second
|
Batting: RHB Robbie Barnes
|
0-0: Ball 1-0: Ball 2-0: Fielders Choice at 2nd, 6-4 (Groundball, 6)
|
Top of the 3rd over - 0 run(s), 2 hit(s), 0 error(s), 1 left on base; Otsego HS 0 - Randall HS 7 |
BOTTOM OF THE 3RD |
Randall HS Raiders batting - Pitching for Otsego HS Bulldogs : RHP Casey Scott
|
Batting: RHB Flynn Roberts
|
0-0: SINGLE (Line Drive, 34)
|
Batting: LHB John Roberts
|
0-0: SINGLE (Groundball, 4D) Flynn Roberts to second Throwing error, E9 Flynn Roberts scores John Roberts to second
|
Batting: RHB Jesús Salazar
|
0-0: Ball 1-0: Ball Wild Pitch! John Roberts to third 2-0: Ball 3-0: Called Strike 3-1: Foul Ball, location: 2F 3-2: SINGLE (Groundball, 3) (infield hit) John Roberts scores
|
Batting: RHB Mike Connor
|
0-0: Ball 1-0: Ball 2-0: Called Strike 2-1: Ball 3-1: Foul Ball, location: 2F 3-2: Base on Balls Jesús Salazar to second
|
Batting: LHB Buddy Jones
|
0-0: Ball 1-0: Foul Ball, location: 2F 1-1: Ball 2-1: Ball 3-1: Foul Ball, location: 2F 3-2: Fly out, F6 (Popup, 6D)
|
Batting: LHB José Gonzáles
|
0-0: Called Strike 0-1: Ball 1-1: Called Strike 1-2: Fielders Choice at 2nd, 6-4 (Groundball, 6) Jesús Salazar to third
|
Batting: RHB Cisco Villa
|
0-0: 3-RUN HOME RUN (Flyball, 78XD), Distance : 409 ft
|
Pitching: RHP Jorge Alarcon
|
|
Batting: LHB Luis Antonio Cortéz
|
0-0: Ground out 5-3 (Groundball, 56)
|
Bottom of the 3rd over - 5 run(s), 4 hit(s), 1 error(s), 0 left on base; Otsego HS 0 - Randall HS 12 |
TOP OF THE 4TH |
Otsego HS Bulldogs batting - Pitching for Randall HS Raiders : LHP Jaime Sierra
|
Batting: RHB Sam Elder
|
0-0: Foul Ball, location: 2F 0-1: Called Strike 0-2: Foul Ball, location: 2F 0-2: Ball 1-2: Ball 2-2: SOLO HOME RUN (Flyball, 7D), Distance : 385 ft
|
Batting: LHB Bill Poe
|
0-0: Foul Ball, location: 2F 0-1: Ball 1-1: Ball 2-1: Fly out, F9 (Flyball, 9S)
|
Batting: RHB Dan Miller
|
0-0: Called Strike 0-1: Called Strike 0-2: Strikes out looking
|
Batting: RHB Leonard Brown
|
0-0: Ball 1-0: Ball 2-0: SINGLE (Groundball, 6D)
|
Batting: RHB Tim Anderson
|
0-0: Ball 1-0: Ball 2-0: Called Strike 2-1: Foul Ball, location: 2F 2-2: Strikes out swinging
|
Top of the 4th over - 1 run(s), 2 hit(s), 0 error(s), 1 left on base; Otsego HS 1 - Randall HS 12 |
BOTTOM OF THE 4TH |
Randall HS Raiders batting - Pitching for Otsego HS Bulldogs : RHP Jorge Alarcon
|
Batting: SHB Howard Romero
|
0-0: Foul Ball, location: 2F 0-1: Foul Ball, location: 2F 0-2: Ball 1-2: Fly out, F4 (Popup, 4MD)
|
Batting: RHB Flynn Roberts
|
0-0: Ball 1-0: Ball 2-0: Ball 3-0: Base on Balls
|
Batting: LHB John Roberts
|
0-0: Ball 1-0: Called Strike 1-1: Foul Ball, location: 2F 1-2: Strikes out swinging
|
Batting: RHB Jesús Salazar
|
0-0: Foul Ball, location: 2F 0-1: Ball 1-1: Called Strike 1-2: Ball Flynn Roberts steals 2nd base 2-2: Strikes out swinging
|
Bottom of the 4th over - 0 run(s), 0 hit(s), 0 error(s), 1 left on base; Otsego HS 1 - Randall HS 12 |
TOP OF THE 5TH |
Otsego HS Bulldogs batting - Pitching for Randall HS Raiders : LHP Jaime Sierra
|
Batting: RHB Pedro Ayala
|
0-0: Reached on error, E6 (Groundball, 6)
|
Batting: RHB Michael Carr
|
0-0: Swinging Strike 0-1: Swinging Strike 0-2: Foul Ball, location: 2F 0-2: Ball 1-2: Fly out, F7 (Flyball, 7LSF)
|
Batting: RHB Miguel Vega
|
0-0: Called Strike 0-1: Swinging Strike 0-2: Foul Ball, location: 2F 0-2: Strikes out swinging
|
Batting: RHB Robbie Barnes
|
0-0: Called Strike 0-1: Foul Ball, location: 2F 0-2: Ball 1-2: Hit by Pitch Pedro Ayala to second
|
Pitching: RHP Ron Meany
|
|
Batting: RHB Sam Elder
|
0-0: Called Strike 0-1: Swinging Strike 0-2: Strikes out swinging
|
Top of the 5th over - 0 run(s), 0 hit(s), 1 error(s), 2 left on base; Otsego HS 1 - Randall HS 12 |
BOTTOM OF THE 5TH |
Randall HS Raiders batting - Pitching for Otsego HS Bulldogs : RHP Jorge Alarcon
|
Batting: RHB Mike Connor
|
0-0: Ball 1-0: Reached on error, E4 (Groundball, 4)
|
Batting: LHB Buddy Jones
|
0-0: Ball 1-0: Ball 2-0: Called Strike 2-1: Called Strike 2-2: Foul Ball, location: 2F 2-2: SINGLE (Line Drive, 8LS) Mike Connor to second
|
Batting: LHB José Gonzáles
|
0-0: Called Strike 0-1: Called Strike 0-2: Ball 1-2: Ball 2-2: SINGLE (Groundball, 34D) Mike Connor to third Buddy Jones to second
|
Batting: RHB Cisco Villa
|
0-0: Ball 1-0: Foul Ball, location: 2F 1-1: Foul Ball, location: 2F 1-2: Strikes out swinging
|
Batting: LHB Luis Antonio Cortéz
|
0-0: Called Strike 0-1: Swinging Strike 0-2: Ball 1-2: Foul Ball, location: 2F 1-2: Foul Ball, location: 2F 1-2: Foul Ball, location: 2F 1-2: Strikes out swinging
|
Batting: SHB Howard Romero
|
0-0: Called Strike 0-1: Swinging Strike 0-2: Strikes out looking
|
Bottom of the 5th over - 0 run(s), 2 hit(s), 1 error(s), 3 left on base; Otsego HS 1 - Randall HS 12 |
TOP OF THE 6TH |
Otsego HS Bulldogs batting - Pitching for Randall HS Raiders : RHP Ron Meany
|
Batting: LHB Bill Poe
|
0-0: Ground out 1-3 (Groundball, 13S)
|
Batting: RHB Dan Miller
|
0-0: Ball 1-0: Ball 2-0: Ball 3-0: Called Strike 3-1: Fly out, F8 (Flyball, 8LM)
|
Batting: RHB Leonard Brown
|
0-0: SINGLE (Groundball, 34D)
|
Batting: RHB Tim Anderson
|
0-0: Called Strike 0-1: Called Strike 0-2: Strikes out swinging
|
Top of the 6th over - 0 run(s), 1 hit(s), 0 error(s), 1 left on base; Otsego HS 1 - Randall HS 12 |
BOTTOM OF THE 6TH |
Randall HS Raiders batting - Pitching for Otsego HS Bulldogs : RHP Jorge Alarcon
|
Batting: RHB Flynn Roberts
|
0-0: Ball 1-0: Ball 2-0: Ball 3-0: Called Strike 3-1: Base on Balls
|
Batting: LHB John Roberts
|
0-0: Ball Flynn Roberts is caught stealing 2nd base 1-0: Ball 2-0: SINGLE (Groundball, 34S) (infield hit)
|
Pitching: RHP Brian Lovelace
|
|
Batting: RHB Jesús Salazar
|
0-0: Ball 1-0: Ball 2-0: Foul Ball, location: 2F 2-1: Foul Ball, location: 2F 2-2: Foul Ball, location: 2F 2-2: Single, Error in OF, E8, batter to second base John Roberts to third
|
Batting: RHB Mike Connor
|
0-0: Called Strike 0-1: Ball 1-1: Ball 2-1: Swinging Strike 2-2: Strikes out swinging
|
Batting: LHB Buddy Jones
|
0-0: Ball 1-0: Ground out 3-1 (Groundball, 34)
|
Bottom of the 6th over - 0 run(s), 2 hit(s), 1 error(s), 2 left on base; Otsego HS 1 - Randall HS 12 |
TOP OF THE 7TH |
Otsego HS Bulldogs batting - Pitching for Randall HS Raiders : RHP Ron Meany
|
Batting: RHB Pedro Ayala
|
0-0: Called Strike 0-1: Called Strike 0-2: Strikes out swinging
|
Batting: RHB Michael Carr
|
0-0: Swinging Strike 0-1: Ball 1-1: Called Strike 1-2: Strikes out swinging
|
Batting: RHB Miguel Vega
|
0-0: Ball 1-0: Ball 2-0: Ball 3-0: Called Strike 3-1: Swinging Strike 3-2: Strikes out looking
|
Top of the 7th over - 0 run(s), 0 hit(s), 0 error(s), 0 left on base; Otsego HS 1 - Randall HS 12 |
BOTTOM OF THE 7TH |
Randall HS Raiders batting - Pitching for Otsego HS Bulldogs : RHP Brian Lovelace
|
Batting: LHB José Gonzáles
|
0-0: Foul Ball, location: 2F 0-1: Foul Ball, location: 2F 0-2: Ground out 4-3 (Groundball, 34)
|
Batting: RHB Cisco Villa
|
0-0: Ball 1-0: Fly out, F4 (Popup, 34D)
|
Batting: LHB Luis Antonio Cortéz
|
0-0: Swinging Strike 0-1: Called Strike 0-2: Strikes out looking
|
Bottom of the 7th over - 0 run(s), 0 hit(s), 0 error(s), 0 left on base; Otsego HS 1 - Randall HS 12 |
TOP OF THE 8TH |
Otsego HS Bulldogs batting - Pitching for Randall HS Raiders : RHP Ron Meany
|
Batting: RHB Robbie Barnes
|
0-0: Called Strike 0-1: Ball 1-1: Foul Ball, location: 2F 1-2: Foul Ball, location: 2F 1-2: Fly out, F8 (Line Drive, 8LS)
|
Batting: RHB Sam Elder
|
0-0: Swinging Strike 0-1: Ball 1-1: Foul Ball, location: 2F 1-2: Fly out, F2 (Popup, 13S)
|
Batting: LHB Bill Poe
|
0-0: Called Strike 0-1: Ball 1-1: Ball 2-1: Swinging Strike 2-2: Ball 3-2: Base on Balls
|
Batting: RHB Dan Miller
|
0-0: SINGLE (Groundball, 56) (infield hit) Bill Poe to second
|
Batting: RHB Leonard Brown
|
0-0: SINGLE (Line Drive, 6D) Bill Poe to third Dan Miller to second Runner from 3rd tries for Home, SAFE, no throw
|
Batting: RHB Tim Anderson
|
0-0: Called Strike 0-1: Fly out, F8 (Flyball, 8RM)
|
Top of the 8th over - 1 run(s), 2 hit(s), 0 error(s), 2 left on base; Otsego HS 2 - Randall HS 12 |
BOTTOM OF THE 8TH |
Randall HS Raiders batting - Pitching for Otsego HS Bulldogs : RHP Brian Lovelace
|
Batting: SHB Howard Romero
|
0-0: Foul Ball, location: 2F 0-1: Swinging Strike 0-2: Strikes out swinging
|
Batting: RHB Flynn Roberts
|
0-0: Foul Ball, location: 2F 0-1: Called Strike 0-2: Strikes out looking
|
Batting: LHB John Roberts
|
0-0: Called Strike 0-1: Called Strike 0-2: Strikes out looking
|
Bottom of the 8th over - 0 run(s), 0 hit(s), 0 error(s), 0 left on base; Otsego HS 2 - Randall HS 12 |
TOP OF THE 9TH |
Otsego HS Bulldogs batting - Pitching for Randall HS Raiders : RHP Ron Meany
|
Now at C: Derek Hartman
|
|
Batting: RHB Pedro Ayala
|
0-0: SOLO HOME RUN (Flyball, 7D), Distance : 373 ft
|
Batting: RHB Michael Carr
|
0-0: Ball 1-0: Swinging Strike 1-1: Called Strike 1-2: Foul Ball, location: 2F 1-2: Ground out 4-3 (Groundball, 4)
|
Batting: RHB Miguel Vega
|
0-0: Ball 1-0: SINGLE (Groundball, 56S) (infield hit)
|
Pinch Hitting: LHB Dave Wilkinson
|
0-0: Ball 1-0: SINGLE (Groundball, 4) (infield hit) Miguel Vega to second
|
Batting: RHB Sam Elder
|
0-0: Ball 1-0: SINGLE (Groundball, 6MD) Miguel Vega to third Dave Wilkinson to second
|
Pitching: LHP Joe Cunningham
|
|
Batting: LHB Bill Poe
|
0-0: Ball 1-0: Ball 2-0: Foul Ball, location: 2F 2-1: Ball 3-1: Base on Balls Miguel Vega scores Dave Wilkinson to third Sam Elder to second
|
Batting: RHB Dan Miller
|
0-0: Ball 1-0: Swinging Strike 1-1: Called Strike 1-2: Ball 2-2: Strikes out swinging
|
Batting: RHB Leonard Brown
|
0-0: Foul Ball, location: 2F 0-1: Called Strike 0-2: Ball 1-2: Ball 2-2: Ball 3-2: Foul Ball, location: 2F 3-2: Base on Balls Dave Wilkinson scores Sam Elder to third Bill Poe to second
|
Batting: RHB Tim Anderson
|
0-0: DOUBLE (Flyball, 89D) Sam Elder scores Bill Poe scores Leonard Brown to third Runner from 3rd tries for Home, SAFE, throw made home
|
Pitching: RHP John Hill
|
|
Batting: RHB Pedro Ayala
|
0-0: Ball 1-0: Foul Ball, location: 2F 1-1: Ball 2-1: Foul Ball, location: 2F 2-2: Ball 3-2: Foul Ball, location: 2F 3-2: Foul Ball, location: 2F 3-2: Foul Ball, location: 2F 3-2: Foul Ball, location: 2F 3-2: Strikes out swinging
|
Top of the 9th over - 6 run(s), 5 hit(s), 0 error(s), 1 left on base; Otsego HS 8 - Randall HS 12 |
|